 Dungeon Crawl Stone Soup version 0.26.1-2-gb8aa6d0cf2 (webtiles) character file.

Game seed: 6647876883522366258

13698 hawla the Thaumaturge (level 11, -7/64 HPs)
             Began as a Deep Elf Conjurer on Feb 25, 2021.
             Was a Priest of Kikubaaqudgha.
             Mangled by an orc knight
             ... wielding a cursed -1 glaive
              (19 damage)
             ... in a bailey.
             The game lasted 01:03:26 (16182 turns).

hawla the Thaumaturge (Deep Elf Conjurer)          Turns: 16182, Time: 01:03:28

Health: -7/64      AC: 10    Str:  6    XL:     11   Next: 79%
Magic:  1/29       EV: 17    Int: 27    God:    Kikubaaqudgha [***...]
Gold:   452        SH: 12    Dex: 13    Spells: 12/34 levels left

rFire    + . .     SeeInvis +   (no weapon)
rCold    + . .     Faith    .   n - +2 buckler
rNeg     . . .     Spirit   .   A - +2 robe {rC+ rF+}
rPois    +         Reflect  +   d - +2 hat {SInv}
rElec    .         Harm     .   i - +1 cloak
rCorr    .         Rampage  .   s - +1 pair of gloves
Will     +....                  (no boots)
Stlth    ++........             q - amulet of reflection
HPRegen  0.20/turn              h - ring of poison resistance
MPRegen  0.21/turn              u - ring of wizardry

@: silence
A: antennae 1, talons 1, strong 1
a: Renounce Religion


You were in a bailey.
You worshipped Kikubaaqudgha.
Kikubaaqudgha was most pleased with you.
You visited 2 branches of the dungeon, and saw 12 of its levels.
You also visited: Bailey.

You collected 712 gold pieces.
You spent 260 gold pieces at shops.

Inventory:

Hand Weapons
 x - a +2 halberd of distortion
Missiles
 g - 28 boomerangs (quivered)
 w - 35 poisoned darts
Armour
 d - a +2 hat of see invisible (worn)
 i - a +1 cloak (worn)
 n - a +2 buckler (worn)
 s - a +1 pair of gloves (worn)
 A - a +2 robe of resistance (worn)
Jewellery
 h - a ring of poison resistance (left hand)
 q - an amulet of reflection (around neck)
 u - a ring of wizardry (right hand)
 z - an uncursed ring of protection from cold
Wands
 r - a wand of polymorph (6)
 B - a wand of paralysis (2)
Scrolls
 a - 2 scrolls of fog
 c - 8 scrolls of amnesia
 e - 2 scrolls of enchant armour
 f - 10 scrolls of remove curse
 k - 3 scrolls of identify
 v - a scroll of acquirement
Potions
 b - 8 potions of curing
 j - 3 potions of cancellation
 l - 2 potions of berserk rage
 m - 3 potions of heal wounds
 p - 2 potions of flight


   Skills:
 + Level 5.4 Fighting
 - Level 2.0 Throwing
 + Level 8.5 Dodging
 - Level 5.0 Stealth
 - Level 4.0 Shields
 + Level 12.3 Spellcasting
 + Level 7.5 Conjurations
 + Level 12.2 Necromancy
 - Level 1.0 Translocations
 - Level 1.0 Air Magic
 - Level 2.0 Evocations


You had 12 spell levels left.
You knew the following spells:

 Your Spells              Type           Power        Failure   Level
a - Magic Dart            Conj           100%         1%          1
b - Searing Ray           Conj           100%         1%          2
c - Iskenderun's Mystic   Conj/Tloc      39%          2%          4
d - Blink                 Tloc           N/A          1%          2
e - Corpse Rot            Necr/Air       N/A          1%          2
f - Vampiric Draining     Necr           35%          1%          3
g - Dispel Undead         Necr           70%          1%          4
h - Animate Dead          Necr           35%          1%          4

Your spell library contained the following spells:

 Spells                   Type           Power        Failure   Level
 Pain                     Necr           100%         0%          1
 Foxfire                  Conj/Fire      100%         1%          1
 Freeze                   Ice            64%          1%          1
 Call Imp                 Summ           16%          1%          2
 Slow                     Hex            16%          1%          2
 Sublimation of Blood     Necr           35%          1%          2
 Conjure Flame            Conj/Fire      36%          1%          3
 Dazzling Flash           Conj/Hex       72%          1%          3
 Mephitic Cloud           Conj/Pois/Air  32%          1%          3
 Excruciating Wounds      Necr           35%          1%          5
 Death Channel            Necr           35%          1%          6
 Gell's Gravitas          Tloc           11%          2%          3
 Fulminant Prism          Conj/Hex       18%          2%          4
 Hailstorm                Conj/Ice       36%          2%          4
 Sticky Flame             Conj/Fire      36%          2%          4
 Borgnjor's Vile Clutch   Necr/Erth      24%          3%          5
 Confusing Touch          Hex            16%          4%          3
 Frozen Ramparts          Ice            32%          4%          3
 Inner Flame              Hex/Fire       16%          4%          3
 Ozocubu's Armour         Ice            16%          4%          3
 Fireball                 Conj/Fire      18%          9%          5
 Petrify                  Tmut/Erth      16%          13%         4
 Summon Ice Beast         Ice/Summ       16%          13%         4
 Metabolic Englaciation   Hex/Ice        8%           34%         5
 Yara's Violent Unravell  Hex/Tmut       8%           34%         5


Dungeon Overview and Level Annotations

Branches:
Dungeon (11/15)            Temple (1/1) D:5            Lair (0/6) D:11
    Orc (0/2) D:10         Bailey (1/1)

Altars:
Ashenzari
Cheibriados
Dithmenos
Elyvilon
Fedhas
Gozag
Hepliaklqana
Kikubaaqudgha
Makhleb
Nemelex Xobeh
Okawaru
Qazlal
Ru
Sif Muna
Trog
Uskayaw
Vehumet
Wu Jian
Xom
Yredelemnul
Zin
The Shining One
Beogh

Shops:
D:5 ?   D:6 :   D:7 =

Annotations:
D:5 3 runed translucent doors, hawla's ghost, novice DECj
D:10 can you dig it


Innate Abilities, Weirdness & Mutations

You have a pair of small antennae on your head.
You have sharp toenails.
Your muscles are strong. (Str +2)


Message History

You don't have any such object.
Evoke which item? (* to show all) (? for menu, Esc to quit)
Okay, then.
Aiming: Paralyse
Press: ? - help, Shift-Dir - straight line, f - orc knight
Aim: an orc knight, wielding a -1 glaive and wearing a +0 chain mail (moderately wounded, chance to affect: 34%)
The orc wizard resists with significant effort.
The orc priest mumbles some strange prayers to Beogh against you.
Beogh smites you!
The orc knight hits you from afar with a cursed -1 glaive!!
* * * LOW HITPOINT WARNING * * *
The orc wizard looks encouraged for a moment.
Okay, then.
As you read the scroll of silence, it crumbles to dust.
A profound silence engulfs you.
The orc dissolves into shadows!
You block the gnoll's attack. The orc wizard barely misses you.
The orc closely misses you.
The orc knight hits you from afar with a cursed -1 glaive!!
You die...
Kikubaaqudgha rasps: "You have failed me!
Welcome... death!"

##### ####### ######
.....###.....#########.....
......'.......#)....#......
......'.......'.....'...)..
......'.....).).....'...)))
.....o'oo.o).)'))...'...)).
.....oooooog..#.....#...)..
.....###.g@..#########.....
##### ####### ######


You could see an orc knight, an orc warrior (summoned, strong), an orc priest
(summoned, strong), 2 orc wizards, 2 gnolls and 5 orcs.

Vanquished Creatures
  Gastronok (D:9)
  Josephine (D:10)
  Harold (D:8)
  A hydra (D:11)
  3 orc knights (Bailey)
  A gargoyle (D:11)
  A komodo dragon (D:11)
  A troll (D:9)
  Prince Ribbit (D:7)
  4 wraiths
  A vampire (D:9)
  Menkaure (D:6)
  5 two-headed ogre zombies (D:10)
  2 water moccasins
  14 orc warriors
  3 sky beasts (D:6)
  A black bear (D:10)
  3 eyes of draining
  A necrophage (D:6)
  A phantom (D:9)
  4 ogres
  4 centaurs
  Blork the orc (D:4)
  6 bullfrogs
  A wyvern skeleton (D:11)
  4 scorpions
  A water moccasin skeleton (D:4)
  5 killer bees (D:7)
  8 wights
  5 howler monkeys
  A bullfrog zombie (D:10)
  A quasit (D:10)
  A centaur zombie (D:5)
  7 hounds
  2 jellies (D:8)
  13 orc wizards
  7 orc priests
  A bullfrog skeleton (D:9)
  6 worker ants
  3 iguanas (D:8)
  Natasha (thrice) (D:3)
  A hound zombie (D:7)
  2 worker ant zombies (D:8)
  4 gnolls
  8 adders
  A white imp (D:10)
  4 ufetubi
  An ooze (D:3)
  An adder zombie (D:7)
  An adder skeleton (D:8)
  A worm (D:4)
  3 dart slugs
  4 leopard geckos
  68 orcs
  A ball python (D:1)
  5 giant cockroaches
  7 goblins
  7 hobgoblins
  6 jackals
  5 kobolds
  3 quokkas
  5 bats
  3 frilled lizards
  A jackal zombie (D:7)
  5 rats
278 creatures vanquished.

Vanquished Creatures (collateral kills)
  An unseen horror (D:11)
1 creature vanquished.

Vanquished Creatures (others)
  33 plants (D:11)
33 creatures vanquished.

Grand Total: 312 creatures vanquished

Notes
Turn   | Place    | Note
-------+----------+-------------------------------------------
     0 | D:1      | hawla the Deep Elf Conjurer began the quest for the Orb.
     0 | D:1      | Reached XP level 1. HP: 10/10 MP: 6/6
   187 | D:1      | Reached XP level 2. HP: 15/15 MP: 6/8
   541 | D:1      | Learned a level 2 spell: Searing Ray
   703 | D:2      | Reached skill level 1 in Translocations
   883 | D:2      | Found a faded altar of an unknown god.
   894 | D:2      | Reached XP level 3. HP: 20/20 MP: 5/9
  1226 | D:2      | Noticed a +0 dagger
  1228 | D:2      | Noticed a +0 dagger
  1229 | D:2      | Found a hide-covered altar of Uskayaw.
  1499 | D:2      | Found a shadowy altar of Dithmenos.
  1663 | D:2      | Reached skill level 1 in Fighting
  1668 | D:2      | Found a sacrificial altar of Ru.
  1726 | D:2      | Found a radiant altar of Vehumet.
  1726 | D:2      | Found a burning altar of Makhleb.
  1746 | D:2      | Found a blossoming altar of Fedhas.
  1749 | D:2      | Found an iron altar of Okawaru.
  1873 | D:2      | Found a snail-covered altar of Cheibriados.
  1950 | D:3      | Gained mutation: Your magical capacity is low. (-10% MP)
                  | [potion of mutation]
  1950 | D:3      | Gained mutation: You have sharp fingernails. [potion of
                  | mutation]
  1951 | D:3      | Lost mutation: Your magical capacity is low. (-10% MP)
                  | [potion of mutation]
  1951 | D:3      | Lost mutation: You have sharp fingernails. [potion of
                  | mutation]
  1951 | D:3      | Gained mutation: You have large cloven feet. [potion of
                  | mutation]
  1951 | D:3      | Gained mutation: You evolve. [potion of mutation]
  2011 | D:3      | Noticed Natasha
  2018 | D:3      | Killed Natasha
  2019 | D:3      | Reached XP level 4. HP: 14/25 MP: 6/12
  2212 | D:3      | Noticed Natasha
  2216 | D:3      | Killed Natasha
  2217 | D:3      | Reached skill level 5 in Conjurations
  2668 | D:3      | Noticed Natasha
  2672 | D:3      | Killed Natasha
  2795 | D:3      | Reached XP level 5. HP: 29/29 MP: 11/14
  2800 | D:3      | Learned a level 4 spell: Iskenderun's Mystic Blast
  3031 | D:3      | Reached skill level 5 in Spellcasting
  3358 | D:4      | Reached XP level 6. HP: 34/34 MP: 9/15
  3554 | D:4      | Found a shimmering altar of Xom.
  3628 | D:4      | Noticed Blork the orc
  3640 | D:4      | Killed Blork the orc
  3674 | D:4      | Reached skill level 1 in Necromancy
  4080 | D:4      | Gained mutation: Your flesh is heat resistant. (rF+)
                  | [evolution]
  4113 | D:4      | Lost strength.
  4130 | D:5      | Entered Level 5 of the Dungeon
  4166 | D:5      | Found Papas's Magic Scroll Boutique.
  4183 | D:5      | Reached skill level 1 in Shields
  4183 | D:5      | Reached skill level 1 in Evocations
  4264 | D:5      | Reached XP level 7. HP: 39/39 MP: 11/16
  4803 | D:5      | Found a stormy altar of Qazlal.
  4910 | D:5      | Found a staircase to the Ecumenical Temple.
  4920 | D:5      | Found a runed translucent gate.
  4920 | D:5      | Identified the +4 chain mail of Mezcal {Str+2 Slay+6}
  4920 | D:5      | Noticed hawla's ghost (novice DECj)
  4921 | D:5      | Found a runed translucent gate.
  4922 | D:5      | Found a roughly hewn altar of Beogh.
  4922 | D:5      | Found a runed translucent gate.
  4935 | Temple   | Entered the Ecumenical Temple
  4972 | Temple   | Lost mutation: Your flesh is heat resistant. (rF+) [potion
                  | of mutation]
  4972 | Temple   | Lost mutation: You have large cloven feet. [potion of
                  | mutation]
  4972 | Temple   | Gained mutation: Your mind is acute. (Int +2) [potion of
                  | mutation]
  4972 | Temple   | Gained mutation: You have sharp toenails. [potion of
                  | mutation]
  4972 | Temple   | Gained mutation: Your muscles are strong. (Str +2) [potion
                  | of mutation]
  4972 | Temple   | Gained mutation: You have a pair of small antennae on your
                  | head. [potion of mutation]
  4979 | Temple   | Became a worshipper of Kikubaaqudgha
  5558 | D:6      | Found Qeceuh's Book Emporium.
  5818 | D:6      | Reached skill level 1 in Throwing
  5818 | D:6      | Reached XP level 8. HP: 44/44 MP: 6/17
  6360 | D:6      | Lost mutation: Your mind is acute. (Int +2) [evolution]
  6360 | D:6      | Lost mutation: You evolve. [end of evolution]
  6594 | D:7      | Noticed Prince Ribbit
  6871 | D:7      | Reached * piety under Kikubaaqudgha
  6871 | D:7      | Identified Kikubaaqudgha's Almanac of Sinister Rites
                  | (Kikubaaqudgha gifted it to you on level 7 of the Dungeon)
  6871 | D:7      | Received a gift from Kikubaaqudgha
  6939 | D:6      | Bought a book of Minor Magic for 260 gold pieces
  6967 | D:7      | Learned a level 2 spell: Blink
  6970 | D:7      | Learned a level 2 spell: Corpse Rot
  7396 | D:7      | Noticed Menkaure
  7625 | D:7      | Reached skill level 5 in Stealth
  7626 | D:7      | Reached skill level 5 in Necromancy
  7629 | D:6      | Killed Menkaure
  7630 | D:6      | Reached skill level 5 in Dodging
  7766 | D:7      | Reached XP level 9. HP: 50/50 MP: 13/20
  7948 | D:7      | Found a bloodstained altar of Trog.
  7984 | D:7      | Killed Prince Ribbit
  8172 | D:7      | Reached skill level 1 in Air Magic
  8345 | D:7      | Found Addauxzi's Jewellery Emporium.
  8588 | D:8      | Found a hazy altar of Hepliaklqana.
  8911 | D:8      | Found a bloodstained altar of Trog.
  9118 | D:8      | Noticed Harold
  9749 | D:8      | Killed Harold
  9749 | D:8      | Reached ** piety under Kikubaaqudgha
  9750 | D:8      | Reached XP level 10. HP: 53/56 MP: 2/24
 10234 | D:9      | Found a basalt altar of Yredelemnul.
 10266 | D:9      | Noticed Gastronok
 10652 | D:9      | Killed Gastronok
 11605 | D:9      | Reached skill level 5 in Fighting
 12198 | D:10     | Entered Level 10 of the Dungeon
 12225 | D:10     | Noticed Josephine
 12440 | D:10     | Reached skill level 10 in Spellcasting
 12533 | D:10     | Reached skill level 10 in Necromancy
 12710 | D:10     | Learned a level 3 spell: Vampiric Draining
 12840 | D:9      | Reached *** piety under Kikubaaqudgha
 12840 | D:9      | Identified Kikubaaqudgha's Disquisition on Dark Rites
                  | (Kikubaaqudgha gifted it to you on level 9 of the Dungeon)
 12840 | D:9      | Received a gift from Kikubaaqudgha
 12847 | D:9      | Learned a level 4 spell: Dispel Undead
 12963 | D:9      | Learned a level 4 spell: Animate Dead
 12971 | D:9      | Reached XP level 11. HP: 36/61 MP: 19/27
 13530 | D:10     | Found a staircase to the Orcish Mines.
 13537 | D:10     | Killed Josephine
 15059 | D:11     | Noticed a seven-headed hydra
 15069 | D:11     | Killed a seven-headed hydra
 15084 | D:11     | Noticed an unseen horror
 15085 | D:11     | Found a staircase to the Lair.
 15100 | D:11     | Killed an unseen horror
 15143 | D:11     | Found a flagged portal.
 15180 | Bailey   | Entered a bailey
 15428 | Bailey   | Reached **** piety under Kikubaaqudgha
 15626 | Bailey   | Noticed an orc knight
 15637 | Bailey   | HP: 1/63 [orc knight/+0 halberd (22)]
 15728 | Bailey   | Killed an orc knight
 15842 | Bailey   | Noticed an orc knight
 15879 | Bailey   | Noticed an orc knight
 15906 | Bailey   | Identified a scroll of acquirement
 15932 | Bailey   | Killed an orc knight
 15963 | Bailey   | Killed an orc knight
 16160 | Bailey   | Noticed an orc knight
 16182 | Bailey   | Mangled by an orc knight

Illustrated notes

Levels and vault maps discovered:
D:1:      nzn_arrival_crosshair, layout_rooms, serial_forest,
          infiniplex_forest_lined_room_2, infiniplex_forest_straight_2,
          infiniplex_forest_clump_small, infiniplex_forest_lined_2,
          infiniplex_forest_lined_3, infiniplex_forest_lined_room_2,
          infiniplex_forest_straight_2
D:2:      layout_basic, minmay_overflow_temple_star_hex,
          dancing_weapons_uskayaw, cheibriados_altar_1,
          nicolae_overflow_crystal_walls, chequers_ecumenical_altar_simple
D:3:      layout_basic, cheibrodos_gnoll_hut, uniq_natasha
D:4:      layout_basic, kennysheep_mini_moat, uniq_blork_the_orc
D:5:      layout_cave_pods, minmay_temple_entry_hall, serial_shops, shop,
          biasface_ghost_orc_armoury, serial_bayou_pond_e,
          grunt_qazlal_sundering
D:6:      layout_basic, serial_shops, nicolae_shop_crystal,
          minmay_misc_feat_square
D:7:      layout_basic, bloody_trog, serial_shops, shop, uniq_prince_ribbit1,
          uniq_menkaure
D:8:      layout_rooms, lemuel_crystal_altar, basic_altar, uniq_harold
D:9:      layout_stronghold, lemuel_doored_altar, uniq_gastronok
D:10:     lemuel_ogre_cave, layout_long_grid, orc_0_dummy, uniq_josephine
D:11:     layout_loops_corners, david_lair_shrubbed, enter_bailey_6
Temple:   compressed_dpeg_circular_temple
Bailey:   bailey_polearm_5, bailey

Skill      XL: |  1  2  3  4  5  6  7  8  9 10 11 |
---------------+----------------------------------+-----
Translocations | 1 |  1.0
Dodging        | 3 5 7 8 |  8.5
Stealth        | 3 5 |  5.0
Fighting       | 1 2 3 4 5 |  5.4
Spellcasting   | 4 5 6 8 10 12 | 12.3
Conjurations   | 5 6 7 |  7.5
Necromancy     | 2 3 5 8 10 12 | 12.2
Shields        | 1 3 4 |  4.0
Evocations     | 1 2 |  2.0
Throwing       | 1 2 |  2.0
Air Magic      | 1 |  1.0

Action                   |  1- 3 |  4- 6 |  7- 9 | 10-12 || total
-------------------------+-------+-------+-------+-------++-------
Melee: Unarmed           |    14 |     1 |    23 |    32 ||    70
       Mace              |     2 |       |       |       ||     2
       Kick              |       |     1 |     4 |     4 ||     9
Throw: Dart              |       |       |       |     4 ||     4
       Boomerang         |       |       |       |     1 ||     1
 Cast: Magic Dart        |    50 |    11 |    50 |    42 ||   153
       Searing Ray       |    13 |    19 |    65 |    89 ||   186
       Iskenderun's Myst |       |       |    51 |    87 ||   138
       Corpse Rot        |       |       |     3 |    13 ||    16
       Blink             |       |       |     1 |     1 ||     2
       Dispel Undead     |       |       |       |     9 ||     9
       Animate Dead      |       |       |       |     8 ||     8
       Vampiric Draining |       |       |       |     1 ||     1
Invok: Receive Corpses   |       |       |       |     9 ||     9
Evoke: Wand              |       |       |       |    19 ||    19
  Use: Scroll            |     9 |     8 |    10 |     9 ||    36
       Potion            |     3 |       |     1 |    10 ||    14
 Stab: Sleeping          |       |       |     1 |     1 ||     2
Armor: Robe              |     4 |       |    14 |    32 ||    50
Dodge: Dodged            |    19 |     6 |    57 |   102 ||   184
Block: Buckler           |     1 |     2 |    44 |   111 ||   158
       Reflection        |       |       |     2 |     7 ||     9
